 Dungeon Crawl Stone Soup version 0.25.0-9-g26727b657a (webtiles) character file.

Game seed: 7162838034037048350

17979 inmateoo the Geomancer (level 12, 0/84 HPs)
             Began as an Octopode Earth Elementalist on June 18, 2020.
             Was a High Priest of Vehumet.
             Succumbed to a water moccasin's poison
             ... on level 2 of the Lair of Beasts.
             The game lasted 00:30:36 (15067 turns).

inmateoo the Geomancer (OpEE)                      Turns: 15067, Time: 00:30:36

Health: 0/84       AC:  1    Str: 19    XL:     12   Next: 53%
Magic:  19/24      EV: 17    Int: 22    God:    Vehumet [*****.]
Gold:   616        SH:  6    Dex: 13    Spells: 9/28 levels left

rFire    . . .     SeeInvis +   y - +1 hand axe of Accord {vorpal, Str+4} (curse)
rCold    . . .     Gourm    .   d - +1 buckler
rNeg     . . .     Faith    .   (helmet restricted)
rPois    +         Spirit   .   (no amulet)
rElec    +         Reflect  .   h - ring of see invisible
rCorr    .         Harm     .   o - ring of Naveleech {rElec rPois MR+ Str+2}
MR       ++...     Rnd*Tele +   x - ring of teleportation (curse)
Stlth    +++.......             B - ring of the Five Ziggurats {MR+ Str+6}
HPRegen  0.24/turn              D - ring of wizardry
MPRegen  0.19/turn              (no ring)
                                (no ring)
                                (no ring)

@: lethally poisoned (0 -> -2), about to teleport
A: almost no armour, stealthy swim, amphibious, 8 rings, constrict 8, camouflage
1, gelatinous body 1
a: Renounce Religion


You were on level 2 of the Lair of Beasts.
You worshipped Vehumet.
Vehumet was extremely pleased with you.
You were hungry.

You visited 2 branches of the dungeon, and saw 13 of its levels.
You also visited: Ossuary and Volcano.

You collected 709 gold pieces.
You spent 93 gold pieces at shops.

Inventory:

Hand Weapons
 n - a +3 dagger of venom
 y - the cursed +1 hand axe of Accord (weapon) {vorpal, Str+4}
   (You found it on level 6 of the Dungeon)

   It inflicts extra damage upon your enemies.
   It affects your strength (+4).
   It has a curse placed upon it.
Missiles
 b - 102 stones (quivered)
Armour
 d - a +1 buckler (worn)
Magical Staves
 F - an uncursed staff of energy {unknown}
 N - an uncursed staff of death {unknown}
Jewellery
 h - a ring of see invisible (left tentacle)
 o - the ring of Naveleech (right tentacle) {rElec rPois MR+ Str+2}
   (You acquired it on level 4 of the Dungeon)

   [ring of poison resistance]

   It affects your strength (+2).
   It insulates you from electricity.
   It protects you from poison.
   It affects your resistance to hostile enchantments.
 x - a cursed ring of teleportation (on tentacle)
 B - the ring of the Five Ziggurats (on tentacle) {MR+ Str+6}
   (You acquired it on level 7 of the Dungeon)

   [ring of strength]

   It affects your strength (+6).
   It affects your resistance to hostile enchantments.
 D - a ring of wizardry (on tentacle)
 G - an uncursed ring of fire
Wands
 g - a wand of flame (15)
 q - a wand of random effects (18)
 w - a wand of polymorph (24)
 A - a wand of enslavement (12)
 E - a wand of digging (6)
 M - a wand of clouds (1)
Scrolls
 a - 4 scrolls of enchant armour
 k - 2 scrolls of blinking
 t - 3 scrolls of teleportation
 z - 4 scrolls of identify
 C - 2 scrolls of fog
 H - a scroll of amnesia
Potions
 e - 3 potions of berserk rage
 f - a potion of ambrosia {unknown}
 i - 2 potions of magic
 j - 7 potions of might
 l - 3 potions of stabbing
 m - 2 potions of heal wounds
 p - 2 potions of haste
 r - 4 potions of brilliance
 s - 3 potions of resistance
 u - 3 potions of flight
 v - 4 potions of curing
 I - 2 potions of mutation
 K - a potion of lignification
Miscellaneous
 L - a phial of floods (inert)
Comestibles
 c - 26 rations
 J - 3 chunks of flesh


   Skills:
 + Level 8.6 Fighting
 + Level 6.9 Dodging
 - Level 4.0 Stealth
 - Level 4.0 Shields
 + Level 8.6 Spellcasting
 + Level 4.5 Conjurations
 + Level 3.1 Translocations
 + Level 4.5 Transmutations
 + Level 6.0 Ice Magic
 + Level 10.5 Earth Magic


You had 9 spell levels left.
You knew the following spells:

 Your Spells              Type           Power        Failure   Level  Hunger
a - Sandblast             Erth           ######       1%          1    None
b - Passwall              Tmut/Erth      #####...     1%          2    None
c - Stone Arrow           Conj/Erth      #####.       1%          3    None
d - Petrify               Tmut/Erth      #####...     1%          4    ###....
e - Frozen Ramparts       Ice            #####.       1%          3    None
f - Lee's Rapid Deconstr  Erth           ######....   1%          5    #####..
g - Apportation           Tloc           ###...       1%          1    None

Your spell library contained the following spells:

 Spells                   Type           Power        Failure   Level  Hunger
 Iskenderun's Mystic Bla  Conj/Tloc      ####....     1%          4    ###....
 Beastly Appendage        Tmut           ####..       1%          1    None
 Sticks to Snakes         Tmut           ####....     1%          2    None
 Animate Skeleton         Necr           N/A          2%          1    None
 Corona                   Hex            #......      2%          1    None
 Summon Small Mammal      Summ           #...         2%          1    None
 Spider Form              Tmut/Pois      ###.......   3%          3    None
 Ice Form                 Ice/Tmut       ####....     3%          4    ###....
 Blade Hands              Tmut           ####......   12%         5    #####..


Dungeon Overview and Level Annotations

Branches:
Dungeon (11/15)            Temple (0/1) D:6            Lair (2/6) D:10
  Snake (0/4) Lair:2          Orc (0/2) D:11        Ossuary (visited)
Volcano (visited)
  Swamp: Lair:2-4    Shoals: Lair:2-4

Altars:
Ashenzari
Dithmenos
Elyvilon
Fedhas
Gozag
Hepliaklqana
Kikubaaqudgha
Okawaru
Ru
Trog
Uskayaw
Vehumet
Wu Jian
The Shining One

Shops:
D:4 *   D:8 (   D:10 [(

Annotations:
D:4 exclusion: statue
D:8 3 runed translucent doors, Anothat's ghost, novice FoFi; gruber's ghost, novice HaHu
Lair:1 exclusion: hydra


Innate Abilities, Weirdness & Mutations

You cannot wear most types of armour.
You are very stealthy in the water. (Stealth+)
You are amphibious.
You can wear up to eight rings at the same time.
You can use your tentacles to constrict eight enemies at once.
Your skin changes colour to match your surroundings (Stealth+).
Your rubbery body absorbs attacks. (AC +1, EV +1)


Message History

You feel much better.
You feel sick.
An adder comes into view.
The hippogriff closely misses you. The hippogriff pecks you.
* * * LOW HITPOINT WARNING * * *
The hippogriff barely misses you. The elephant barely misses you.
The elephant trunk-slaps you.
* * * LOW HITPOINT WARNING * * *
Unknown command.
Unknown command.
Unknown command.
As you read the scroll of teleportation, it crumbles to dust.
You feel strangely unstable. The hippogriff bites you!
* * * LOW HITPOINT WARNING * * *
The hippogriff barely misses you. The hippogriff claws you.
* * * LOW HITPOINT WARNING * * *
The elephant tramples you!
* * * LOW HITPOINT WARNING * * *
You stumble backwards!
Unknown command.
You die...

##.$..#.########........k.#
#.....### #.........#####
.....## #......P..S...
.....## #.♣..P.....P.
.###..## #### #...........
#...# #..## #.♣.........
##P.## #..## ##....(......
#....# #..P###............
#...## #...@......##♣....♣
#.Y.# #...#....÷##♣ ...♣
##..# #.Y..#.#.)..# #.
#..## ###.H###.#....#
##..## ###...## # #..P##
P#....###Y.Y..# ###...#
........†..(..# #..†..#
...P....S..#P## ##....##
#.$>.##.P##### ##...### ...


You could see 2 elephants and a hippogriff.

Vanquished Creatures
  2 hydras
  A two-headed ogre (D:7)
  An unseen horror (D:10)
  An ugly thing (D:9)
  A manticore (D:11)
  4 black mambas
  Joseph (D:7)
  2 spiny frogs
  2 gargoyles (Volcano)
  An efreet (Volcano)
  A rime drake (Lair:2)
  A komodo dragon (Lair:1)
  A troll (D:11)
  3 hippogriffs
  2 spriggans
  A wraith (D:11)
  A wyvern (D:9)
  A yak (D:10)
  A basilisk (Lair:2)
  A steam dragon (D:11)
  A fire elemental (Volcano)
  Eustachio (D:5)
  A soldier ant (D:9)
  3 water moccasins (Lair:2)
  3 sky beasts
  4 porcupines
  2 phantoms
  2 black bears
  4 orc warriors
  An eye of draining (D:10)
  A necrophage (D:11)
  A hornet zombie (D:9)
  3 wolves (Lair:2)
  7 centaurs
  3 ogres
  5 crocodiles
  A big kobold (D:9)
  5 elf zombies (Ossuary)
  Blork the orc (D:4)
  13 bullfrogs
  A gnoll sergeant (D:9)
  7 scorpions
  9 wights
  5 killer bees (D:8)
  8 howler monkeys
  9 crimson imps
  2 bullfrog zombies
  4 centaur zombies
  A quasit (D:8)
  3 centaur skeletons
  5 jellies
  A gnoll shaman (D:6)
  3 orc priests
  9 hounds
  7 orc wizards
  3 bullfrog skeletons
  A human zombie (Ossuary)
  13 worker ants
  A big kobold zombie (Ossuary)
  2 hound zombies
  A hound skeleton (D:8)
  4 mummies
  A howler monkey zombie (D:9)
  4 gnolls (D:6)
  A howler monkey skeleton (D:8)
  15 adders
  5 shadow imps
  An ooze (D:7)
  6 adder zombies
  2 adder skeletons
  A worm (D:2)
  6 leopard geckos
  51 orcs
  2 bats (D:1)
  6 giant cockroaches
  11 goblins
  4 hobgoblins
  2 jackals (D:6)
  3 quokkas
  3 ball pythons
  9 frilled lizards
  A gnoll zombie (Ossuary)
  10 goblin zombies (Ossuary)
  3 hobgoblin zombies (Ossuary)
  A jackal zombie (Ossuary)
  4 kobolds
  5 kobold zombies
  An orc zombie (D:5)
  A quokka zombie (Ossuary)
  8 rats
  A rat zombie (Ossuary)
358 creatures vanquished.

Vanquished Creatures (collateral kills)
  A spiny frog (Lair:1)
1 creature vanquished.

Vanquished Creatures (others)
  18 fungi
  7 plants
  3 withered plants (D:8)
28 creatures vanquished.

Grand Total: 387 creatures vanquished

Notes
Turn   | Place    | Note
-------+----------+-------------------------------------------
     0 | D:1      | inmateoo the Octopode Earth Elementalist began the quest
                  | for the Orb.
     0 | D:1      | Reached XP level 1. HP: 11/11 MP: 3/3
   696 | D:1      | Reached XP level 2. HP: 17/17 MP: 3/5
  1118 | D:2      | Reached XP level 3. HP: 11/21 MP: 4/6
  1306 | D:2      | Learned a level 2 spell: Passwall
  1310 | D:2      | Learned a level 3 spell: Stone Arrow
  1494 | D:2      | Reached XP level 4. HP: 27/27 MP: 5/7
  1537 | D:2      | Reached skill level 4 in Earth Magic
  2013 | D:3      | Reached XP level 5. HP: 23/31 MP: 4/9
  2114 | D:3      | Found a sacrificial altar of Ru.
  2155 | D:3      | HP: 2/46 [orc (3)]
  2501 | D:3      | Found an iron altar of Okawaru.
  2575 | D:3      | Noticed an ogre
  2587 | D:3      | Killed an ogre
  2587 | D:3      | Reached skill level 5 in Earth Magic
  2587 | D:3      | Reached XP level 6. HP: 24/37 MP: 0/11
  2759 | D:3      | Learned a level 4 spell: Petrify
  2977 | D:4      | Reached skill level 1 in Fighting
  3049 | D:4      | Found a radiant altar of Vehumet.
  3055 | D:4      | Became a worshipper of Vehumet
  3198 | D:4      | Noticed Blork the orc
  3207 | D:4      | Killed Blork the orc
  3301 | D:4      | Reached skill level 1 in Conjurations
  3428 | D:4      | Found a glowing golden altar of the Shining One.
  3493 | D:4      | Found Hanlu's Assorted Antiques.
  3517 | D:4      | Bought a scroll of identify for 62 gold pieces
  3517 | D:4      | Bought a scroll labeled DEROSTR POYT for 31 gold pieces
  3520 | D:4      | Got the ring of Naveleech {rElec rPois MR+ Str+2}
  3548 | D:4      | Reached XP level 7. HP: 35/43 MP: 9/13
  3726 | D:4      | Found a white marble altar of Elyvilon.
  3872 | D:4      | Found a blossoming altar of Fedhas.
  3899 | D:4      | Found an ancient bone altar of Kikubaaqudgha.
  3915 | D:5      | Entered Level 5 of the Dungeon
  4021 | D:5      | Found a shattered altar of Ashenzari.
  4025 | D:5      | Found a hazy altar of Hepliaklqana.
  4039 | D:5      | Noticed Eustachio
  4048 | D:5      | Killed Eustachio
  4085 | D:5      | Found a sand-covered staircase.
  4092 | Ossuary  | Entered an ossuary
  4243 | Ossuary  | Reached * piety under Vehumet
  4243 | Ossuary  | Offered knowledge of Shock by Vehumet.
  4269 | Ossuary  | Reached XP level 8. HP: 31/51 MP: 10/14
  5365 | Ossuary  | Reached skill level 6 in Earth Magic
  5705 | D:5      | Reached skill level 5 in Spellcasting
  5781 | D:6      | Reached ** piety under Vehumet
  5795 | D:6      | Found a shadowy altar of Dithmenos.
  5805 | D:6      | Offered knowledge of Freeze by Vehumet.
  5846 | D:6      | Reached skill level 5 in Dodging
  6235 | D:6      | Found a staircase to the Ecumenical Temple.
  6289 | D:6      | Reached XP level 9. HP: 58/58 MP: 16/16
  6912 | D:6      | Found an opulent altar of Gozag.
  6924 | D:6      | Found a bloodstained altar of Trog.
  7151 | D:6      | Got an ebony hand axe
  7152 | D:6      | Identified the cursed +1 hand axe of Accord {vorpal, Str+4}
                  | (You found it on level 6 of the Dungeon)
  7356 | D:7      | Reached skill level 1 in Shields
  7361 | D:7      | Reached skill level 7 in Earth Magic
  7431 | D:7      | Noticed Joseph
  7438 | D:7      | Killed Joseph
  7438 | D:7      | Reached skill level 5 in Fighting
  7626 | D:7      | Offered knowledge of Frozen Ramparts by Vehumet.
  7636 | D:7      | Learned a level 3 spell: Frozen Ramparts
  7836 | D:7      | Got the ring of the Five Ziggurats {MR+ Str+6}
  8232 | D:8      | Reached *** piety under Vehumet
  8245 | D:8      | Learned a level 5 spell: Lee's Rapid Deconstruction
  8247 | D:8      | Learned a level 1 spell: Apportation
  8248 | D:8      | Noticed a two-headed ogre
  8316 | D:7      | Killed a two-headed ogre
  8316 | D:7      | Reached XP level 10. HP: 68/68 MP: 13/19
  8490 | D:8      | Found Noriduduta's Weapon Emporium.
  8613 | D:8      | Found a hide-covered altar of Uskayaw.
  8886 | D:8      | Offered knowledge of Fulminant Prism by Vehumet.
  9026 | D:8      | Reached skill level 8 in Earth Magic
  9041 | D:8      | Found a runed translucent gate.
  9041 | D:8      | Found a runed translucent gate.
  9042 | D:8      | Found a runed translucent gate.
  9043 | D:8      | Noticed Anothat's ghost (novice FoFi)
  9043 | D:8      | Noticed gruber's ghost (novice HaHu)
  9922 | D:9      | Reached **** piety under Vehumet
  9951 | D:9      | Noticed a brown ugly thing
  9965 | D:9      | Killed a brown ugly thing
 10141 | D:9      | Found an ornate altar of the Wu Jian Council.
 10352 | D:9      | Offered knowledge of Ignite Poison by Vehumet.
 10412 | D:9      | Reached XP level 11. HP: 67/74 MP: 22/22
 10905 | D:10     | Entered Level 10 of the Dungeon
 11057 | D:10     | Reached skill level 9 in Earth Magic
 11075 | D:10     | Reached skill level 5 in Ice Magic
 11136 | D:10     | Noticed a four-headed hydra
 11354 | D:10     | Found Ugiqiq's Antique Weapon Boutique.
 11373 | D:10     | Found Anyd's Antique Armour Emporium.
 11440 | D:10     | Noticed an unseen horror
 11443 | D:10     | Killed an unseen horror
 11491 | D:10     | Killed a four-headed hydra
 11736 | D:10     | Found a staircase to the Lair.
 11879 | D:10     | Reached skill level 10 in Earth Magic
 12063 | D:11     | Found a staircase to the Orcish Mines.
 12085 | D:11     | Reached ***** piety under Vehumet
 12367 | D:11     | Offered knowledge of Iskenderun's Mystic Blast by Vehumet.
 12865 | D:11     | Reached skill level 1 in Translocations
 12968 | D:11     | Noticed a manticore
 12982 | D:11     | Killed a manticore
 13065 | D:11     | Noticed a skeletal warrior
 13100 | D:11     | Noticed a skeletal warrior
 13245 | Lair:1   | Entered Level 1 of the Lair of Beasts
 13335 | Lair:1   | Reached XP level 12. HP: 70/83 MP: 24/24
 13367 | Lair:1   | Found a dark tunnel.
 13466 | Volcano  | Entered a volcano
 13780 | Lair:1   | Found a radiant altar of Vehumet.
 13911 | Lair:1   | Noticed a four-headed hydra
 13928 | Lair:1   | Killed a six-headed hydra
 14307 | Lair:1   | Noticed an eight-headed hydra
 15044 | Lair:2   | Found a staircase to the Snake Pit.
 15066 | Lair:2   | HP: 1/84 [elephant (7)]
 15067 | Lair:2   | Succumbed to a water moccasin's poison

Illustrated notes

Levels and vault maps discovered:
D:1:      mainiacjoe_arrival_reflecting_pool, layout_basic, dk_noncrumbling_2
D:2:      layout_rooms
D:3:      layout_rooms, lemuel_doored_altar, nicolae_ru_sacrificial_ziggurat
D:4:      layout_loops_corners, grunt_temple_overflow_growth_and_decay,
          vehumet_statue, tso_oasis_becter, serial_shops,
          nicolae_shop_overgrown_old_shop, elyvilon_altar_5, uniq_blork_the_orc
D:5:      layout_basic, grunt_temple_overflow_open, nicolae_ossuary_entry_giza,
          first_ration, grunt_ministairs_10, uniq_eustachio
D:6:      layout_basic, nicolae_dithmenos_shadow_blocks,
          nicolae_overflow_hidden_temple, minmay_temple_entry_junction_2,
          interstate_on_off
D:7:      layout_loops_cross, uniq_joseph
D:8:      layout_loops_corners, old_standard_altar, serial_shops, shop,
          gammafunk_ghost_cemetery, the_bakery
D:9:      minmay_the_grid_square_5x5_3x3 [minmay_the_grid_square_5x5_mess,
          minmay_the_grid_square_5x5_minibox,
          minmay_the_grid_square_5x5_detours, minmay_the_grid_square_5x5_bite,
          minmay_the_grid_square_5x5_megaprize_crossed,
          minmay_the_grid_square_5x5_fat_x,
          minmay_the_grid_square_5x5_two_walls_b,
          minmay_the_grid_square_5x5_checkered_statues,
          minmay_the_grid_square_5x5_tri_point], layout_irregular_city,
          nicolae_overflow_crystal_walls
D:10:     layout_roguey, due_lair_maze_entry_diamond, serial_shops,
          nicolae_shop_competitors_out_of_business, kennysheep_little_box,
          kennysheep_generic_room_4
D:11:     layout_long_grid, orc_0_dummy
Lair:1:   layout_cave_pods, enter_volcano_1, basic_altar
Lair:2:   layout_concentric_octagons, minmay_snake_entry_six_corridors,
          grunt_forest_large_clearing_hut

Skill      XL: |  1  2  3  4  5  6  7  8  9 10 11 12 |
---------------+-------------------------------------+-----
Earth Magic    | 4 5 6 7 8 10 | 10.5
Spellcasting   | 3 4 5 6 7 8 |  8.6
Dodging        | 3 4 5 6 |  6.9
Fighting       | 1 2 4 5 6 8 |  8.6
Conjurations   | 1 2 3 4 |  4.5
Transmutations | 2 3 4 |  4.5
Shields        | 3 4 |  4.0
Ice Magic      | 2 4 5 6 |  6.0
Stealth        | 4 |  4.0
Translocations | 1 3 |  3.1

Action                   |  1- 3 |  4- 6 |  7- 9 | 10-12 || total
-------------------------+-------+-------+-------+-------++-------
Melee: Unarmed           |    37 |    26 |       |       ||    63
       Constrict         |     7 |    15 |    53 |    51 ||   126
       Tentacles         |     2 |     9 |    41 |    51 ||   103
       Dagger            |       |    49 |   181 |       ||   230
       Hand axe          |       |       |    33 |   174 ||   207
Throw: Stone             |       |       |       |     1 ||     1
 Cast: Sandblast         |    21 |    72 |    54 |   119 ||   266
       Stone Arrow       |       |       |    79 |    87 ||   166
       Frozen Ramparts   |       |       |     3 |     6 ||     9
       Petrify           |       |       |     1 |    10 ||    11
       Lee's Rapid Decon |       |       |       |    40 ||    40
Evoke: Wand              |       |       |     4 |     1 ||     5
       Phial of floods   |       |       |       |     1 ||     1
  Use: Potion            |     1 |     1 |     2 |     1 ||     5
       Scroll            |       |     8 |    21 |     8 ||    37
 Stab: Sleeping          |     4 |     2 |     4 |     3 ||    13
       Invisible         |       |       |     2 |       ||     2
       Petrified         |       |       |       |    13 ||    13
  Eat: Chunk             |     2 |     3 |     8 |    25 ||    38
       Ration            |       |     1 |     3 |     2 ||     6
Armor: Skin              |    24 |    19 |    40 |    13 ||    96
Dodge: Dodged            |    23 |    48 |   162 |   199 ||   432
Block: Buckler           |       |       |       |    33 ||    33
